 Dungeon Crawl Stone Soup version 0.20-a0-1020-g7b9e4fe (webtiles) character file.

116051 4thArraOfDagon the Carver (level 16, -8/115 HPs)
             Began as a Mummy Enchanter on Apr 18, 2017.
             Was a High Priest of Yredelemnul.
             Mangled by a lorocyproca (16 damage)
             ... on level 3 of the Abyss on Apr 19, 2017.
             The game lasted 02:03:08 (26581 turns).

4thArraOfDagon the Carver (Mummy Enchanter)        Turns: 26581, Time: 02:03:09

Health: -8/115     AC: 31    Str: 19    XL:     16   Next: 20%
Magic:  26/26      EV: 10    Int: 18    God:    Yredelemnul [*****.]
Gold:   1420       SH: 27    Dex: 20    Spells: 11/29 levels left

rFire    . . .     SeeInvis .   H - +7 long sword
rCold    + + .     Gourm    .   Z - +10 large shield of Ignorance {rN+ Int-4}
rNeg     + + +     Faith    .   y - +12 chain mail "Pupluq" {*Slow rC- MR+++ Dex+9}
rPois    ∞         Spirit   .   b - +0 helmet {Int+3}
rElec    .         Reflect  .   m - +1 cloak
rCorr    .         Harm     .   M - +0 pair of gloves
MR       +++++                  V - +0 pair of boots
Stlth    ..........             P - amulet "Jashim" {RegenMP rF+}
Regen    0.3/turn               u - ring "Wurut" {rC++ Dex-2 Slay+3 Stlth-}
MPRegen  0.3/turn               a - +6 ring of strength

@: very slightly contaminated
A: no food or potions, fire vulnerability, cold resistance 1, negative energy
resistance 3, torment resistance, unbreathing, in touch with death 1
a: Recall Undead Slaves, Injury Mirror, Animate Dead, Drain Life, Enslave Soul,
Renounce Religion


You were on level 3 of the Abyss.
You worshipped Yredelemnul.
Yredelemnul was extremely pleased with you.
You were not hungry.

You visited 4 branches of the dungeon, and saw 26 of its levels.
You visited the Abyss 1 time.
You also visited: Ice Cave and Volcano.

You collected 2363 gold pieces.
You spent 943 gold pieces at shops.

Inventory:

Hand Weapons
 e - the +3 whip of the Immovable Lovers {slash, Dex+3}
   (You found it on level 6 of the Dungeon)

   It inflicts extra damage upon your enemies.
   It affects your dexterity (+3).
 v - a +3 long sword of distortion
 H - a +7 long sword (weapon)
 R - a +0 triple sword of freezing
 S - a +0 antimagic scimitar
 U - a +2 vampiric great sword
Armour
 b - a +0 helmet of intelligence (worn)
 m - a +1 cloak (worn)
 y - the +12 chain mail "Pupluq" (worn) {*Slow rC- MR+++ Dex+9}
   (You found it on level 8 of the Dungeon)

   It affects your dexterity (+9).
   It makes you vulnerable to cold.
   It affects your resistance to hostile enchantments.
   It may slow you when you take damage.
 M - a +0 pair of gloves (worn)
 V - a +0 pair of boots (worn)
 W - a +0 troll leather armour
 Z - the +10 large shield of Ignorance (worn) {rN+ Int-4}
   (You found it on level 2 of the Orcish Mines)

   It affects your intelligence (-4).
   It protects you from negative energy.
Magical Staves
 G - an uncursed staff of conjuration {!a}
 T - an uncursed staff of wizardry {unknown}
 X - an uncursed staff of wizardry {unknown}
Jewellery
 a - a +6 ring of strength (right hand)
 i - an uncursed ring of see invisible
 l - an uncursed ring of ice {unknown}
 u - the ring "Wurut" (left hand) {rC++ Dex-2 Slay+3 Stlth-}
   (You took it off a deep elf demonologist on level 3 of the Elven Halls)

   [ring of loudness]

   It affects your dexterity (-2).
   It affects your accuracy and damage with ranged weapons and melee attacks
   (+3).
   It greatly protects you from cold.
   It makes you less stealthy.
 w - a +2 ring of intelligence {unknown}
 D - an uncursed ring of protection from fire
 E - an uncursed ring of resist corrosion
 J - an uncursed ring of protection from fire
 P - the amulet "Jashim" (around neck) {RegenMP rF+}
   (You took it off Psyche on level 12 of the Dungeon)

   [amulet of magic regeneration]

   It increases your magic regeneration.
   It protects you from fire.
Wands
 d - a wand of digging (3/24)
 n - a wand of confusion (4/48)
 t - a wand of iceblast (5/15)
 z - a wand of confusion (27/48)
 A - a wand of paralysis (7/24)
 B - a wand of disintegration (5/24)
 I - a wand of confusion (27/48)
 K - a wand of enslavement (9/24)
 O - a wand of polymorph (8/24)
Scrolls
 f - a scroll of fear
 g - 2 scrolls of amnesia
 j - 3 scrolls of identify
 k - 8 scrolls of remove curse
 o - 8 scrolls of enchant armour
 p - 3 scrolls of magic mapping
 r - 2 scrolls of recharging
 s - 2 scrolls of noise
 x - a scroll of summoning
 C - 2 scrolls of immolation
 L - 3 scrolls of vulnerability
 N - a scroll of blinking
 Q - 2 scrolls of enchant weapon
Books
 c - a book of Maledictions

   Spells                             Type                      Level
   a - Corona                         Hexes                        1
   b - Ensorcelled Hibernation        Hexes/Ice                    2
   c - Confuse                        Hexes                        3
   d - Tukima's Dance                 Hexes                        3
   e - Dazzling Spray                 Conjuration/Hexes            3
 Y - a book of Party Tricks

   Spells                             Type                      Level
   a - Summon Butterflies             Summoning                    1
   b - Apportation                    Translocation                1
   c - Lesser Beckoning               Translocation                3
   d - Tukima's Dance                 Hexes                        3
   e - Alistair's Intoxication        Transmutation/Poison         5
   f - Invisibility                   Hexes                        6
Miscellaneous
 h - a lightning rod (4/4)
 F - a phial of floods (inert)


   Skills:
 - Level 7.3 Fighting
   Level 6.1(10.0) Short Blades
 * Level 12.1(12.6) Long Blades
 * Level 11.9 Armour
 - Level 8.0 Dodging
 - Level 3.0 Stealth
 * Level 10.0 Shields
 - Level 7.0 Spellcasting
 - Level 2.4 Conjurations
 - Level 3.7 Hexes
 - Level 2.2 Ice Magic
 - Level 2.4 Air Magic
 - Level 2.5 Poison Magic
 - Level 8.0 Invocations


You had 11 spell levels left.
You knew the following spells:

 Your Spells              Type           Power        Failure   Level  Hunger
a - Corona                Hex            ###....      92%         1    N/A
b - Ensorcelled Hibernat  Hex/Ice        ###...       99%         2    N/A
c - Confuse               Hex            ###.....     100%        3    N/A
d - Mephitic Cloud        Conj/Pois/Air  ###.....     100%        3    N/A
e - Apportation           Tloc           #.....       100%        1    N/A
f - Silence               Hex/Air        ###.......   100%        5    N/A
g - Vampiric Draining     Necr           #.........   100%        3    N/A

Dungeon Overview and Level Annotations

Branches:
Dungeon (15/15)            Temple (0/1) D:5            Lair (6/6) D:8
 Shoals (0/4) Lair:3       Spider (0/4) Lair:3        Slime (0/5) Lair:5
    Orc (2/2) D:12            Elf (3/3) Orc:2
 Vaults: D:13-14     Depths: D:15

Altars:
Cheibriados
Elyvilon
Hepliaklqana
Kikubaaqudgha
Makhleb
Okawaru
Qazlal
Sif Muna
Vehumet
Wu Jian
Xom
Yredelemnul
Zin

Shops:
D:4 ?   Orc:2 [!:!   Elf:1 (**(   Elf:3 (}:

Portals:
Pandemonium: Orc:2

Annotations:
D:3 nht's ghost, weakling DrTm
D:4 Edmund
D:14 Lochraine's ghost, journeyman FoAK
D:15 Urug
Orc:2 1 runed door, exclusion: orange crystal statue


Innate Abilities, Weirdness & Mutations

You do not eat or drink.
Your flesh is vulnerable to fire.
You are immune to poison.
Your flesh is cold resistant. (rC+)
You are immune to negative energy. (rN+++)
You are immune to unholy pain and torment.
You can survive without breathing.
You are in touch with the powers of death.


Message History

The iron imp is almost dead.
The thrashing horror tramples you but does no damage. x2
Unknown command.
Unknown command.
Unknown command.
Unknown command.
The thrashing horror closely misses you.
You block the thrashing horror's attack.
The starcursed mass shrieks in your mind.
* * * LOW HITPOINT WARNING * * *
You block the anaconda skeleton's attack. x2
The iron imp barely misses you.
Unknown command.
Unknown command.
Unknown command.
You block the thrashing horror's attack. x3
The thrashing horror tramples you but does no damage.
Something hits you!
You die...
Yredelemnul claims you as an undead slave.

#..####.##.####X#.. #
##..# ....#.#.#...#.#
.....##.#..##X.#...#
. #.......#....##.#
#..
#.......##..#.#......
#...#Kx..##..##.....
#...ZX#..X.# .#≈#. #
#..#..#X5##≈≈ X≈≈≈#..
#..@v.# ≈≈♣≈≈≈≈# ..
#.≈≈≈#≈≈≈≈≈≈≈≈≈ #
#≈≈≈≈≈≈≈≈≈♣≈≈≈≈≈♣.#
#≈≈≈≈≈≈≈≈≈≈≈≈≈≈≈.###
≈≈♣≈≈≈≈≈≈≈≈≈≈≈#..#
≈≈≈≈♣≈≈≈≈≈#.#..#
≈≈≈≈≈≈≈≈#..#####
≈≈≈≈≈.##..#.


You could see 2 starcursed masses, 2 thrashing horrors, a kobold demonologist, a
small abomination, an insubstantial wisp and an iron imp.

Vanquished Creatures
  Rupert (D:13)
  2 deep elf sorcerers (Elf:3)
  2 deep elf demonologists (Elf:3)
  3 deep elf annihilators (Elf:3)
  3 deep elf death magi (Elf:3)
  A deep elf high priest (Elf:3)
  A great orb of eyes (shapeshifter) (Elf:3)
  A centaur warrior (D:13)
  2 death yaks (Lair:6)
  2 tengu warriors
  6 two-headed ogres
  3 dancing weapons (Elf:3)
  2 orc high priests (Orc:2)
  3 thrashing horrors (Abyss:3)
  A skeletal warrior (D:12)
  A glowing orange brain (Abyss:3)
  2 unseen horrors
  A gelid demonspawn (Orc:2)
  2 deep elf archers (Elf:3)
  7 deep elf magi
  A lindwurm (Volcano)
  An orc knight (Orc:2)
  2 manticores (D:14)
  2 orc sorcerers (Orc:2)
  A cyclops (Orc:1)
  4 black mambas
  A centaur zombie (D:14)
  An ice statue (IceCv)
  A rust devil (Orc:2)
  9 elephants
  An apocalypse crab (Abyss:3)
  A gargoyle (D:13)
  9 spiny frogs
  Psyche (D:12)
  A smoke demon (Abyss:3)
  3 starcursed masses (Abyss:3)
  A hellwing (Orc:2)
  A komodo dragon (Lair:1)
  An ancient zyme (Abyss:3)
  4 trolls
  3 ice devils
  2 polar bears (Lair:6)
  4 raiju (Abyss:3)
  8 blink frogs
  A dream sheep (D:9)
  9 hippogriffs
  A hippogriff (shapeshifter) (D:14)
  A shadow (D:13)
  A redback (Lair:3)
  2 water elementals
  A wraith (Abyss:3)
  4 fire bats (Volcano)
  A wyvern (D:13)
  A fire elemental (Elf:1)
  34 yaks
  A chaos spawn (Orc:2)
  2 basilisks
  A large abomination (Abyss:3)
  A steam dragon (Volcano)
  A hungry ghost (D:8)
  Grum (D:13)
  A vampire mosquito (D:12)
  3 wargs
  An insubstantial wisp (Abyss:3)
  2 small abominations (Abyss:3)
  7 water moccasins
  2 black bears (Lair:6)
  9 porcupines
  2 sky beasts
  2 ice beasts
  An eye of draining (D:8)
  6 ogres
  15 orc warriors
  13 wolves
  10 centaurs
  A big kobold (D:8)
  5 crocodiles
  12 bullfrogs
  An earth elemental (Elf:1)
  Dowan (D:5)
  2 killer bees (D:9)
  14 wights
  4 howler monkeys
  9 crimson imps
  A bullfrog zombie (D:6)
  10 orc priests
  2 bullfrog skeletons
  12 hounds
  4 jellies
  7 orc wizards
  3 iguanas
  Terence (D:2)
  9 worker ants
  A hound zombie (D:6)
  2 hound skeletons
  A howler monkey skeleton (D:8)
  3 howler monkey zombies
  11 adders
  3 gnolls (D:3)
  2 shadow imps
  3 white imps (IceCv)
  7 ufetubi (IceCv)
  An adder skeleton (D:5)
  2 adder zombies
  2 worms
  10 dart slugs (D:4)
  3 leopard geckos
  64 orcs
  A bat zombie (D:4)
  3 giant cockroaches
  5 goblins
  4 hobgoblins
  10 jackals
  14 kobolds
  8 quokkas
  3 ball pythons
  5 bats
  5 frilled lizards
  A quokka zombie (D:9)
  7 rats
  A lurking horror (Abyss:3)
526 creatures vanquished.

Vanquished Creatures (collateral kills)
  2 deep elf blademasters (Elf:3)
  3 deep elf master archers (Elf:3)
  Kirke (D:13)
  9 deep elf sorcerers (Elf:3)
  3 deep elf elementalists (Elf:3)
  2 deep elf demonologists (Elf:3)
  5 deep elf annihilators (Elf:3)
  Snorg (Lair:4)
  4 deep elf high priests (Elf:3)
  Fannar (D:11)
  8 hydras
  A catoblepas (Lair:6)
  A centaur warrior (D:12)
  3 two-headed ogres
  A deep troll shaman (Lair:6)
  6 dancing weapons
  A death yak (Lair:6)
  5 orc high priests (Orc:2)
  Nergalle (Lair:4)
  A soul eater (Orc:2)
  A skeletal warrior (D:12)
  3 deep elf knights
  A sixfirhy (Orc:2)
  A wretched star (Abyss:3)
  7 deep elf archers
  A lindwurm (Lair:6)
  An infernal demonspawn (Orc:2)
  A necromancer (Abyss:3)
  4 orc sorcerers
  4 orc knights
  20 deep elf magi
  An ugly thing (D:13)
  A manticore (D:12)
  2 elephants (Lair:6)
  An ice statue (IceCv)
  Maurice (D:13)
  A spiny frog (Lair:2)
  A gargoyle (D:13)
  4 ice devils
  3 jumping spiders (Lair:3)
  3 trolls (D:12)
  A tengu conjurer (D:13)
  6 blink frogs
  A polar bear (Lair:4)
  A hippogriff (D:11)
  A dream sheep (D:9)
  A redback (shapeshifter) (D:14)
  An air elemental (Elf:3)
  3 water elementals
  A hog (D:13)
  A fire elemental (Elf:1)
  24 yaks
  2 wraiths
  A basilisk (Lair:2)
  3 vampire mosquitoes (D:12)
  2 neqoxecs
  A warg (Orc:2)
  7 water moccasins
  Duvessa (D:5)
  A porcupine (Lair:2)
  21 orc warriors
  A phantom (D:12)
  An eye of draining (D:12)
  7 ogres
  5 wolves
  A crocodile (Lair:5)
  3 big kobolds (D:9)
  5 bullfrogs
  2 earth elementals
  2 scorpions
  6 killer bees
  2 wights
  An electric eel (D:12)
  4 crimson imps
  A hound (D:9)
  10 orc priests
  6 orc wizards
  2 bullfrog skeletons
  A shadow imp (D:13)
  4 white imps (IceCv)
  2 ufetubi (IceCv)
  2 adder skeletons
  A dart slug (D:4)
  A leopard gecko (D:11)
  28 orcs
  2 kobolds (D:8)
  A quokka zombie (D:9)
  3 fungi (D:8)
  8 plants
313 creatures vanquished.

Vanquished Creatures (others)
  A bone dragon (Elf:3)
  A ghoul (Elf:3)
  A reaper (IceCv)
  A vampire knight (Lair:6)
  A skeletal warrior (Elf:3)
  A large abomination (Abyss:3)
  2 flayed ghosts
  A phantasmal warrior (Orc:2)
  A guardian serpent (Abyss:3)
  17 elf zombies (Elf:3)
  A ghoul skeleton (Elf:3)
  A guardian serpent zombie (Abyss:3)
  11 flying skulls
  3 vampires
  2 wraiths
  5 humans (D:13)
  4 two-headed ogre zombies
  A spiny frog zombie (Lair:2)
  A merfolk skeleton (Lair:6)
  An elephant zombie (Lair:6)
  2 manticore zombies (D:14)
  2 vampire mosquito zombies (D:12)
  2 hippogriff zombies
  An apocalypse crab zombie (Abyss:3)
  3 elf skeletons
  3 water moccasin zombies
  2 raiju zombies (Abyss:3)
  4 yak zombies
  A wight (D:14)
  2 wolf zombies (Lair:6)
  A human zombie (D:13)
  2 human skeletons
  A worker ant (D:13)
  A killer bee zombie (D:11)
  A big kobold zombie (D:9)
  3 ogre zombies
  A mummy (D:12)
  A howler monkey zombie (D:8)
  7 orc zombies
  An orc skeleton (Orc:2)
  2 white imps (IceCv)
  3 ufetubi (IceCv)
  An iguana zombie (D:4)
  14 fungi
  2 starspawn tentacles (Abyss:3)
120 creatures vanquished.

Grand Total: 959 creatures vanquished

Notes
Turn   | Place    | Note
-------+----------+-------------------------------------------
     0 | D:1      | 4thArraOfDagon the Mummy Enchanter began the quest for the Orb.
     0 | D:1      | Reached XP level 1. HP: 13/13 MP: 4/4
    70 | D:1      | Reached skill level 1 in Short Blades
   267 | D:1      | Reached XP level 2. HP: 19/19 MP: 5/5
   432 | D:2      | Found a basalt altar of Yredelemnul.
   438 | D:2      | Became a worshipper of Yredelemnul the Dark
   448 | D:2      | LETS SEE
   489 | D:2      | Learned a level 2 spell: Ensorcelled Hibernation
   554 | D:2      | Reached XP level 3. HP: 24/24 MP: 7/7
   844 | D:2      | Noticed Terence
   889 | D:2      | Learned a level 3 spell: Confuse
  1139 | D:2      | Killed Terence
  1139 | D:2      | Reached XP level 4. HP: 14/30 MP: 2/8
  1287 | D:3      | Reached skill level 1 in Ice Magic
  1390 | D:3      | Reached * piety under Yredelemnul
  1494 | D:3      | Noticed nht's ghost (weakling DrTm)
  1512 | D:3      | Reached XP level 5. HP: 22/35 MP: 6/9
  2005 | D:4      | You fall through a shaft for 2 floors!
  2213 | D:6      | Noticed an orc warrior
  2268 | D:6      | Found a stormy altar of Qazlal.
  2354 | D:7      | FU
  2517 | D:6      | Reached XP level 6. HP: 41/41 MP: 1/10
  2690 | D:6      | Got an iridescent whip
  2692 | D:6      | Identified the +3 whip of the Immovable Lovers {slash, Dex+3} (You found it on level 6 of the Dungeon)
  2733 | D:5      | Entered Level 5 of the Dungeon
  2928 | D:4      | Reached skill level 1 in Fighting
  2928 | D:4      | Reached skill level 1 in Invocations
  3377 | D:4      | Found an ancient bone altar of Kikubaaqudgha.
  3522 | D:4      | Found Juysiodd's Magic Scroll Shoppe.
  3585 | D:4      | Bought a scroll of teleportation for 36 gold pieces
  3585 | D:4      | Bought a scroll of teleportation for 36 gold pieces
  3619 | D:4      | Reached ** piety under Yredelemnul
  3653 | D:4      | Noticed Edmund
  3999 | D:5      | Found an ornate altar of the Wu Jian Council.
  4069 | D:5      | Noticed Duvessa
  4069 | D:5      | Noticed Dowan
  4083 | D:5      | Killed Dowan
  4221 | D:5      | Found a staircase to the Ecumenical Temple.
  4239 | D:5      | Reached XP level 7. HP: 51/51 MP: 11/11
  4700 | D:5      | Killed Duvessa
  4719 | D:5      | Found a radiant altar of Vehumet.
  4720 | D:5      | Found a burning altar of Makhleb.
  4859 | D:5      | Found a deep blue altar of Sif Muna.
  5022 | D:6      | Found a hazy altar of Hepliaklqana.
  5410 | D:8      | Reached XP level 8. HP: 57/61 MP: 12/12
  5591 | D:7      | Reached skill level 5 in Fighting
  5871 | D:8      | Found a shimmering altar of Xom.
  5871 | D:8      | Found a shimmering altar of Xom.
  5879 | D:8      | Found a shimmering altar of Xom.
  5879 | D:8      | Found a shimmering altar of Xom.
  5880 | D:8      | Found a shimmering altar of Xom.
  5880 | D:8      | Found a shimmering altar of Xom.
  5881 | D:8      | Found a shimmering altar of Xom.
  6018 | D:8      | Got a dazzling chain mail
  6298 | D:8      | Identified the +12 chain mail "Pupluq" {*Slow rC- MR+++ Dex+9} (You found it on level 8 of the Dungeon)
  6330 | D:8      | Reached skill level 5 in Short Blades
  6330 | D:8      | Reached skill level 5 in Invocations
  6345 | D:8      | Reached *** piety under Yredelemnul
  6652 | D:8      | Noticed an orb spider
  6653 | D:8      | Noticed a shapeshifter
  6653 | D:8      | an orb spider changed into a shapeshifter
  6654 | D:8      | Noticed a cyclops
  6654 | D:8      | a shapeshifter changed into a spriggan
  6666 | D:7      | Found a white marble altar of Elyvilon.
  6746 | D:7      | Reached XP level 9. HP: 51/69 MP: 13/13
  6779 | D:7      | Learned a level 3 spell: Mephitic Cloud
  6805 | D:7      | Found a snail-covered altar of Cheibriados.
  7130 | D:7      | Received a gift from Yredelemnul (a wight)
  7357 | D:8      | Reached skill level 1 in Conjurations
  7358 | D:8      | Reached skill level 1 in Poison Magic
  7394 | D:8      | Reached skill level 1 in Air Magic
  7526 | D:8      | Found a staircase to the Lair.
  7595 | D:8      | Noticed a two-headed ogre
  7613 | D:8      | Killed a two-headed ogre
  7643 | D:8      | Reached skill level 1 in Armour
  7821 | D:9      | Found a glowing silver altar of Zin.
  8263 | D:9      | Reached **** piety under Yredelemnul
  8300 | D:9      | HP: 2/71 [wight/enchanted long sword (7)]
  8829 | D:9      | Noticed Psyche
  8893 | D:10     | Entered Level 10 of the Dungeon
  9012 | D:10     | Noticed a troll
  9043 | D:10     | Killed a troll
  9043 | D:10     | Reached skill level 1 in Long Blades
  9085 | D:10     | Reached XP level 10. HP: 42/77 MP: 8/14
  9226 | D:11     | Noticed Fannar
  9333 | D:11     | Received a gift from Yredelemnul (a mummy)
  9466 | D:10     | Noticed Grum
  9679 | D:9      | Reached skill level 2 in Long Blades
  9720 | D:9      | Received a gift from Yredelemnul (5 flying skulls)
  9806 | D:9      | Found an iron altar of Okawaru.
  9826 | D:9      | Killed an unseen horror
  9961 | D:9      | Reached skill level 5 in Spellcasting
  9976 | D:9      | Noticed a three-headed hydra
  9989 | D:9      | Killed a three-headed hydra
  9989 | D:9      | Reached skill level 3 in Long Blades
 10471 | D:12     | Noticed a manticore
 10478 | D:12     | Killed a manticore
 10564 | D:12     | Killed Psyche
 10566 | D:12     | Got a flickering garnet amulet
 10567 | D:12     | Identified the amulet "Jashim" {RegenMP rF+} (You took it off Psyche on level 12 of the Dungeon)
 10822 | D:12     | Noticed a two-headed ogre
 10830 | D:12     | Killed a two-headed ogre
 10830 | D:12     | Reached XP level 11. HP: 78/84 MP: 20/20
 10835 | D:12     | Noticed a two-headed ogre
 10842 | D:12     | Killed a two-headed ogre
 10912 | D:12     | Reached skill level 4 in Long Blades
 10937 | D:12     | Noticed a skeletal warrior
 10959 | D:12     | Killed a skeletal warrior
 11044 | D:12     | Received a gift from Yredelemnul (3 flying skulls)
 11135 | D:12     | Noticed a skeletal warrior
 11140 | D:12     | Killed a skeletal warrior
 11198 | D:12     | Reached ***** piety under Yredelemnul
 11224 | D:12     | Noticed a centaur warrior
 11234 | D:12     | Killed a centaur warrior
 11287 | D:12     | Found a staircase to the Orcish Mines.
 11371 | D:13     | Found an ornate altar of the Wu Jian Council.
 11373 | D:13     | Noticed a red ugly thing
 11382 | D:13     | Killed a red ugly thing
 11430 | D:13     | jacquesderrida: DEGON
 11486 | D:13     | Killed Grum
 11864 | D:13     | Noticed a centaur warrior
 11872 | D:13     | Killed a centaur warrior
 11872 | D:13     | Reached skill level 5 in Long Blades
 11872 | D:13     | Reached skill level 5 in Dodging
 12028 | D:13     | Received a gift from Yredelemnul (a vampire)
 12139 | D:13     | Noticed Maurice
 12158 | D:13     | Killed Maurice
 12179 | D:13     | Noticed Kirke
 12211 | D:13     | Killed Kirke
 12211 | D:13     | Reached skill level 5 in Armour
 12228 | D:13     | Noticed Rupert
 12265 | D:13     | Killed Rupert
 12265 | D:13     | Reached XP level 12. HP: 44/91 MP: 14/22
 12581 | D:13     | Reached skill level 6 in Long Blades
 12718 | D:13     | Noticed a tengu warrior
 12752 | D:13     | Killed a tengu warrior
 12757 | D:13     | Received a gift from Yredelemnul (a wight)
 12960 | D:14     | Noticed a tengu warrior
 12977 | D:14     | Killed a tengu warrior
 13003 | D:14     | Noticed a four-headed hydra
 13038 | D:15     | Entered Level 15 of the Dungeon
 13038 | D:15     | Noticed Urug
 13040 | D:15     | Noticed a centaur warrior
 13259 | D:15     | Noticed an ogre mage
 13259 | D:15     | Noticed a two-headed ogre
 13259 | D:15     | Noticed a two-headed ogre
 13259 | D:15     | Noticed a two-headed ogre
 13259 | D:15     | Noticed a two-headed ogre
 13321 | D:14     | Noticed Lochraine's ghost (journeyman FoAK)
 13543 | D:15     | Killed a two-headed ogre
 13556 | D:14     | Killed a two-headed ogre
 13646 | D:14     | Killed a two-headed ogre
 13964 | D:14     | Noticed a seven-headed hydra
 14462 | Orc:1    | Entered Level 1 of the Orcish Mines
 14462 | Orc:1    | Noticed a two-headed ogre
 14475 | Orc:1    | Killed a two-headed ogre
 14475 | Orc:1    | Reached skill level 7 in Long Blades
 14771 | Orc:1    | Noticed a two-headed ogre
 14778 | Orc:1    | Killed a two-headed ogre
 14937 | Orc:2    | Entered Level 2 of the Orcish Mines
 14976 | Orc:2    | Received a gift from Yredelemnul (a phantasmal warrior)
 15204 | Orc:2    | Found a runed door.
 15215 | Orc:2    | Found a runed door.
 15558 | Orc:2    | Received a gift from Yredelemnul (a vampire)
 15773 | Orc:2    | Received a gift from Yredelemnul (3 flying skulls)
 15779 | Orc:2    | Reached skill level 1 in Shields
 15793 | Orc:2    | Found Icim's Distillery.
 15838 | Orc:2    | Found Ockir's Distillery.
 16091 | Orc:2    | Found a staircase to the Elven Halls.
 16195 | Orc:2    | Gained mutation: You are in touch with the powers of death. [Mummy growth]
 16195 | Orc:2    | Reached XP level 13. HP: 96/96 MP: 23/23
 16664 | Orc:2    | Received a gift from Yredelemnul (a vampire)
 17531 | Orc:2    | Reached skill level 8 in Long Blades
 17871 | Orc:2    | Found Efrunt's Antique Armour Emporium.
 17871 | Orc:2    | Found Uculloex's Book Shoppe.
 17871 | Orc:2    | Found a one-way gate leading to the halls of Pandemonium.
 17873 | Orc:2    | Bought a pair of runed gloves for 217 gold pieces
 17885 | Orc:2    | Bought a book of Party Tricks for 600 gold pieces
 17887 | Orc:2    | Learned a level 1 spell: Apportation
 18231 | Lair:1   | Entered Level 1 of the Lair of Beasts
 18385 | Lair:1   | Found a frozen archway.
 18435 | IceCv    | Entered an ice cave
 18461 | IceCv    | Received a gift from Yredelemnul (a skeletal warrior)
 18583 | IceCv    | Received a gift from Yredelemnul (a wraith)
 18759 | IceCv    | Killed a reaper
 18878 | IceCv    | Learned a level 5 spell: Silence
 19155 | Lair:1   | Received a gift from Yredelemnul (a vampire knight)
 19442 | Lair:2   | Identified the cursed +1 ring mail "Zagapn" {rF+ rCorr Dex+6} (You found it on level 2 of the Lair of Beasts)
 19809 | Lair:3   | Found a staircase to the Shoals.
 19864 | Lair:3   | Reached skill level 9 in Long Blades
 20072 | Lair:4   | Reached skill level 5 in Shields
 20072 | Lair:4   | Reached XP level 14. HP: 69/103 MP: 18/24
 20105 | Lair:4   | Noticed Nergalle
 20148 | Lair:4   | Noticed Sonja
 20152 | Lair:4   | Noticed Sonja
 20152 | Lair:4   | Sonja changed into Sonja the tengu
 20155 | Lair:4   | Noticed Sonja
 20155 | Lair:4   | Sonja the tengu changed into Sonja the ogre
 20160 | Lair:4   | Killed Sonja the ogre
 20169 | Lair:4   | Received a gift from Yredelemnul (a wraith)
 20189 | Lair:4   | Killed Nergalle
 20239 | Lair:4   | Received a gift from Yredelemnul (a ghoul)
 20251 | Lair:4   | Found an ancient bone altar of Kikubaaqudgha.
 20332 | Lair:4   | Noticed Snorg
 20339 | Lair:4   | Killed Snorg
 20672 | Lair:5   | Found a staircase to the Slime Pits.
 20713 | Lair:6   | Entered Level 6 of the Lair of Beasts
 20806 | Lair:6   | Found a dark tunnel.
 20813 | Volcano  | Entered a volcano
 21641 | Lair:6   | Reached skill level 10 in Long Blades
 21666 | Lair:6   | Received a gift from Yredelemnul (a flayed ghost)
 21885 | Lair:6   | Learned a level 3 spell: Vampiric Draining
 22235 | Lair:3   | Found a hole to the Spider Nest.
 22245 | Lair:3   | Reached skill level 10 in Armour
 22417 | Lair:1   | Received a gift from Yredelemnul (a flayed ghost)
 22568 | D:11     | Killed Fannar
 22738 | Elf:1    | Entered Level 1 of the Elven Halls
 22738 | Elf:1    | Found Buluqah's Antique Weapon Shop.
 23003 | Elf:1    | Found Faska's General Store.
 23021 | Elf:1    | Found Kavaux's General Store.
 23028 | Elf:1    | Bought a scroll of teleportation for 54 gold pieces
 23061 | Elf:1    | Found Jenk's Weapon Shop.
 23068 | Elf:1    | :(
 23180 | Elf:2    | Reached XP level 15. HP: 97/108 MP: 25/25
 23228 | Elf:3    | Entered Level 3 of the Elven Halls
 23260 | Elf:3    | Found Soodgh's Gadget Shoppe.
 23282 | Elf:3    | Found Rintir's Book Shoppe.
 23291 | Elf:3    | :(
 23429 | Elf:3    | Found a deep blue altar of Sif Muna.
 23554 | Elf:3    | Found Ogibidyo's Weapon Emporium.
 23560 | Elf:3    | FAIL^2
 23573 | Elf:3    | LETS DIE
 23583 | Elf:3    | Noticed a deep elf sorcerer
 23585 | Elf:3    | Noticed a deep elf sorcerer
 23588 | Elf:3    | Killed a deep elf sorcerer
 23590 | Elf:3    | Noticed a deep elf sorcerer
 23591 | Elf:3    | Killed a deep elf sorcerer
 23595 | Elf:3    | Killed a deep elf sorcerer
 23607 | Elf:3    | Noticed a deep elf sorcerer
 23610 | Elf:3    | Noticed a deep elf master archer
 23611 | Elf:3    | Killed a deep elf sorcerer
 23611 | Elf:3    | Reached skill level 11 in Long Blades
 23613 | Elf:3    | Killed a deep elf master archer
 23695 | Elf:3    | Noticed a deep elf sorcerer
 23699 | Elf:3    | Killed a deep elf sorcerer
 23714 | Elf:3    | Noticed a deep elf sorcerer
 23718 | Elf:3    | Killed a deep elf sorcerer
 23735 | Elf:3    | Noticed a deep elf master archer
 23745 | Elf:3    | Killed a deep elf master archer
 23959 | Elf:3    | Noticed a deep elf blademaster
 23970 | Elf:3    | Killed a deep elf blademaster
 24096 | Elf:3    | Noticed a deep elf sorcerer
 24108 | Elf:3    | Noticed a deep elf sorcerer
 24108 | Elf:3    | Killed a deep elf sorcerer
 24109 | Elf:3    | Received a gift from Yredelemnul (a bone dragon)
 24112 | Elf:3    | Killed a deep elf sorcerer
 24178 | Elf:3    | Killed a deep elf sorcerer
 24253 | Elf:3    | Killed a deep elf sorcerer
 24370 | Elf:3    | Noticed a deep elf sorcerer
 24378 | Elf:3    | Killed a deep elf sorcerer
 24401 | Elf:3    | Noticed a deep elf blademaster
 24942 | Elf:3    | Noticed a deep elf master archer
 25017 | Elf:3    | Killed a deep elf master archer
 25303 | Elf:3    | Noticed a Hell Sentinel
 25422 | Elf:3    | Received a gift from Yredelemnul (a profane servitor)
 25515 | Elf:3    | Killed a deep elf blademaster
 25515 | Elf:3    | Reached XP level 16. HP: 79/115 MP: 26/26
 25517 | Elf:3    | Got a sparkling tin ring
 25639 | Elf:3    | Identified the ring "Niariruog" {rPois rN+ Int+2} (You took it off a deep elf demonologist on level 3 of the Elven Halls)
 25733 | Elf:3    | Got an ancient brass ring
 25748 | Elf:3    | Identified the ring "Wurut" {rC++ Dex-2 Slay+3 Stlth-} (You took it off a deep elf demonologist on level 3 of the Elven Halls)
 25929 | Elf:3    | Reached skill level 12 in Long Blades
 26134 | Elf:3    | Cast into level 3 of the Abyss (a distortion unwield)
 26151 | Abyss:3  | NO WEAPON :(
 26382 | Abyss:3  | Noticed a Hell Sentinel
 26440 | Abyss:3  | Reached skill level 10 in Shields
 26450 | Abyss:3  | Found a corrupted altar of Lugonu.
 26518 | Abyss:3  | RIP
 26561 | Abyss:3  | Noticed a tentacled starspawn
 26581 | Abyss:3  | Mangled by a lorocyproca

Vault maps used:
D:1:      shiori_arrival_elements, grunt_decor_resistance
D:2:      old_standard_altar, serial_corexii_hall, corexii_hall_statues_i,
          corexii_hall_statues_i, corexii_hall_statues_l,
          corexii_hall_statues_i, uniq_terence
D:3:      first_bread
D:4:      kennysheep_slugbush, lemuel_zombie_altar_kikubaaqudgha, serial_shops,
          shop, due_unseen_surprise, uniq_edmund
D:5:      grunt_temple_overflow_lords_of_destruction, lemuel_crystal_altar,
          marbit_many_paths, minmay_temple_entry_junction,
          lightli_corner_chamber, uniq_duvessa
D:6:      grunt_qazlal_clouds, kennysheep_mini_moat
D:7:      kennysheep_little_box, lemuel_doored_altar, uniq_crazy_yiuf_cottage
D:8:      xom_shifter_show, grunt_lair_entry_orc_guard_hut
D:9:      hangedman_cross_stitches, zin_statuary, old_standard_altar,
          hangedman_ranch, eino_house_with_fridge, uniq_psyche
D:10:     bh_hangedman_babel_library, uniq_grum
D:11:     uniq_fannar
D:12:     erik_orc_2, hangedman_abyss_or_decor_stabs
D:13:     basic_altar, uniq_rupert, uniq_kirke, uniq_maurice
D:14:     evilmike_diamond_2, david_vaults_4, nicolae_benzene_ring, minivault_22
D:15:     hangedman_depths_entry_try_elsewhere_first, uniq_agnes, uniq_urug
Lair:1:   portal_ice_cave_demonic_guard
Lair:2:   lemuel_fruit_tree
Lair:3:   elwin_shoals_entry_rocks, spider_nest_entry_funnel_web,
          grunt_megastairs_5
Lair:4:   basic_altar, grunt_megastairs_4, uniq_sonja, uniq_nergalle, uniq_snorg
Lair:5:   dpeg_slime_entry_corner, serial_bayou_crossing
Lair:6:   grunt_lair_end_beastmaster, enter_volcano_2
Orc:2:    pf_orc_diabolical, chequers_guarded_unrand_ignorance
Elf:1:    serial_shops, shop_statue, shop, shop, shop, shop, orc_legates,
          grunt_megastairs_3
Elf:3:    minmay_elf_hall_four_x, serial_shops, shop, nicolae_shop_stone, shop,
          basic_altar
Abyss:3:  evilmike_abyss_exit_vortex, lemuel_flamethrower_2
IceCv:    ice_cave_small_demon
Volcano:  volcano_pools

Skill      XL: |  1  2  3  4  5  6  7  8  9 10 11 12 13 14 15 16 |
---------------+-------------------------------------------------+-----
Short Blades   | 1 2 3 5 6 |  6.1
Spellcasting   | 3 6 7 |  7.0
Hexes          | 3 |  3.7
Ice Magic      | 1 2 |  2.2
Stealth        | 3 |  3.0
Fighting       | 2 4 6 7 |  7.3
Invocations    | 2 4 5 6 7 8 |  8.0
Conjurations   | 2 |  2.4
Poison Magic   | 2 |  2.5
Air Magic      | 2 |  2.4
Armour         | 1 2 5 7 8 10 11 | 11.9
Long Blades    | 1 3 5 7 9 10 11 12 | 12.1
Dodging        | 3 5 7 8 |  8.0
Shields        | 1 5 7 9 10 | 10.0

Action                   |  1- 3 |  4- 6 |  7- 9 | 10-12 | 13-15 | 16-18 || total
-------------------------+-------+-------+-------+-------+-------+-------++-------
Melee: Dagger            |   112 |   230 |   253 |       |       |       ||   595
       Short sword       |       |       |   283 |       |       |       ||   283
       Long sword        |       |       |    19 |   721 |  1580 |   150 ||  2470
       Great sword       |       |       |       |     5 |       |       ||     5
Throw: Javelin           |    20 |       |       |       |       |       ||    20
       Throwing net      |       |       |       |       |     1 |       ||     1
 Cast: Ensorcelled Hiber |     2 |    68 |    69 |     1 |       |       ||   140
       Confuse           |     2 |     3 |    27 |       |       |       ||    32
       Corona            |     2 |       |     1 |       |       |       ||     3
       Apportation       |       |       |       |       |     2 |       ||     2
Invok: Animate Remains   |       |     2 |     5 |       |       |       ||     7
       Animate Dead      |       |       |     3 |    21 |    21 |     3 ||    48
       Recall Undead Sla |       |       |       |    11 |    25 |     2 ||    38
       Drain Life        |       |       |       |    11 |    23 |     6 ||    40
       Injury Mirror     |       |       |       |     1 |       |       ||     1
Evoke: Wand              |     1 |     6 |     2 |     3 |    13 |       ||    25
       Phial of floods   |       |       |       |       |     1 |       ||     1
  Use: Scroll            |     6 |     9 |    12 |     6 |    19 |     6 ||    58
 Stab: Sleeping          |     2 |    34 |    35 |     1 |       |       ||    72
       Confused          |       |     6 |    14 |     2 |       |       ||    22
       Distracted        |       |       |     2 |     7 |    18 |       ||    27
Armor: Robe              |     8 |    66 |   134 |       |       |       ||   208
       Ring mail         |    28 |       |       |       |       |       ||    28
       Chain mail        |       |       |       |   672 |   633 |    51 ||  1356
       Troll leather arm |       |       |       |       |    29 |       ||    29
Dodge: Dodged            |    59 |   113 |   251 |   357 |   346 |    34 ||  1160
Block: Large shield      |       |       |       |       |  1722 |   189 ||  1911
       Buckler           |       |       |       |       |    32 |       ||    32
       Rpst.: Long sword |       |       |     5 |    87 |    91 |     5 ||   188
